 Dungeon Crawl Stone Soup version 0.26-a0-1126-g3318b609a0 (webtiles) character file.

Game seed: 10946663863949602073

682 kae the Insei (level 7, -10/56 HPs)
             Began as a Demonspawn Monk on Dec 17, 2020.
             Was a Believer of Makhleb.
             Mangled by an ogre
             ... wielding a +0 giant club
              (18 damage)
             ... on level 5 of the Dungeon.
             The game lasted 00:04:54 (5538 turns).

kae the Insei (Demonspawn Monk)                     Turns: 5538, Time: 00:04:55

Health: -10/56     AC:  6    Str: 13    XL:     7   Next: 34%
Magic:  7/7        EV: 13    Int: 12    God:    Makhleb [**....]
Gold:   202        SH:  0    Dex: 21    Spells: 6/6 levels left

rFire    . . .     SeeInvis .     - Unarmed
rCold    . . .     Faith    .   (no shield)
rNeg     . . .     Spirit   .   d - +0 leather armour
rPois    +         Reflect  .   h - +0 helmet
rElec    .         Harm     .   (no cloak)
rCorr    .         Rampage  .   (no gloves)
Will     .....                  (no boots)
Stlth    ++........             (no amulet)
HPRegen  0.18/turn              e - +6 ring of dexterity
MPRegen  0.10/turn              j - ring of poison resistance

@: no status effects
A: claws 1, yellow scales 1
a: Renounce Religion, Minor Destruction


You were on level 5 of the Dungeon.
You worshipped Makhleb.
Makhleb was pleased with you.
You visited 1 branch of the dungeon, and saw 5 of its levels.

You collected 202 gold pieces.

Inventory:

Armour
 a - a +0 robe
 d - a +0 leather armour (worn)
 h - a +0 helmet (worn)
Jewellery
 e - a +6 ring of dexterity (left claw)
 j - a ring of poison resistance (right claw)
Wands
 n - a wand of acid (8)
Scrolls
 l - 2 scrolls of remove curse
 s - a scroll of teleportation
Potions
 b - 2 potions of haste
 c - a potion of cancellation
 f - a potion of heal wounds
 g - a potion of flight {unknown}
 i - 2 potions of brilliance {unknown}
 k - a potion of lignification
 m - 2 potions of degeneration {unknown}
 o - a potion of curing {unknown}
 p - a potion of invisibility {unknown}
 q - a potion of ambrosia {unknown}


   Skills:
 + Level 5.5 Fighting
 - Level 2.6 Dodging
 - Level 1.7 Stealth
 * Level 6.6 Unarmed Combat


You had 6 spell levels left.
You didn't know any spells.
Your spell library was empty.

Dungeon Overview and Level Annotations

Branches:
Dungeon (5/15)
 Temple: D:4-7

Altars:
Elyvilon
Kikubaaqudgha
Makhleb
Ru
Yredelemnul
The Shining One

Annotations:
D:3 Sigmund


Innate Abilities, Weirdness & Mutations

You have sharp fingernails.
You are partially covered in yellow scales. (AC +2)


Message History

Makhleb accepts your kill.
You feel better. The ogre closely misses you.
You scratch the ogre.
The ogre is heavily wounded.
The ogre barely misses you.
You scratch the ogre.
The ogre is heavily wounded.
You barely miss the ogre.
The ogre is heavily wounded.
The ogre hits you with a +0 giant club!!
* * * LOW HITPOINT WARNING * * *
You scratch the ogre.
The ogre is severely wounded.
The ogre closely misses you.
You scratch the ogre.
The ogre is almost dead.
You scratch the ogre. Your claw misses the ogre.
The ogre is almost dead.
The ogre hits you with a +0 giant club!!
You die...

.......####.....### .
....#.......#....#..##
....####..........#..
.............#....#.###..
.........#..##...........
.....†)..##.##..S........
#..###.......###..##
...###........###..###..
...........#...#@O.......
........##.#........#....
........#......#.........
.......(.#.....##........
.........#...#....####...
......#..##.......#. ...
.####.. ....###..... ..
## #... #..)# #.#.#
.###....#..####..#.#


You could see an ogre.

Vanquished Creatures
  2 ogres (D:4)
  A phantom (D:4)
  A scorpion (D:5)
  A crimson imp (D:4)
  A hound (D:4)
  2 orc wizards
  3 iguanas
  A worker ant (D:5)
  5 adders
  A white imp (D:4)
  An ooze (D:2)
  An adder skeleton (D:4)
  2 worms (D:2)
  3 dart slugs
  A leopard gecko (D:3)
  9 orcs
  2 ball pythons (D:2)
  13 bats
  3 giant cockroaches
  7 goblins
  3 hobgoblins (D:1)
  7 kobolds
  8 quokkas
  7 frilled lizards
  A jackal zombie (D:5)
  12 rats
98 creatures vanquished.

Notes
Turn   | Place    | Note
-------+----------+-------------------------------------------
     0 | D:1      | kae the Demonspawn Monk began the quest for the Orb.
     0 | D:1      | Reached XP level 1. HP: 18/18 MP: 1/1
   157 | D:1      | Reached skill level 3 in Unarmed Combat
   286 | D:1      | Gained mutation: You have sharp fingernails. [demonic
                  | ancestry]
   286 | D:1      | Reached XP level 2. HP: 20/24 MP: 2/2
   763 | D:2      | Reached XP level 3. HP: 22/29 MP: 3/3
  1581 | D:2      | Reached skill level 4 in Unarmed Combat
  1581 | D:2      | Reached XP level 4. HP: 34/37 MP: 4/4
  2001 | D:3      | Noticed Sigmund
  2292 | D:3      | Found an ancient bone altar of Kikubaaqudgha.
  2371 | D:3      | Found a white marble altar of Elyvilon.
  3178 | D:4      | Reached XP level 5. HP: 18/42 MP: 5/5
  3439 | D:4      | Found a burning altar of Makhleb.
  3456 | D:4      | Reached skill level 5 in Unarmed Combat
  3511 | D:4      | Became a worshipper of Makhleb the Destroyer
  3511 | D:4      | Reached * piety under Makhleb
  3511 | D:4      | Reached ** piety under Makhleb
  3578 | D:4      | Noticed an ogre
  3587 | D:4      | Killed an ogre
  3588 | D:4      | Gained mutation: You are partially covered in yellow
                  | scales. (AC +2) [demonic ancestry]
  3588 | D:4      | Reached XP level 6. HP: 14/49 MP: 6/6
  4002 | D:4      | Found a basalt altar of Yredelemnul.
  4007 | D:4      | Found a glowing golden altar of the Shining One.
  4011 | D:4      | Noticed an angel
  4375 | D:4      | Reached skill level 5 in Fighting
  4398 | D:4      | Reached skill level 6 in Unarmed Combat
  4425 | D:4      | Reached XP level 7. HP: 43/56 MP: 7/7
  5148 | D:5      | Entered Level 5 of the Dungeon
  5226 | D:5      | Found a sacrificial altar of Ru.
  5538 | D:5      | Mangled by an ogre

Illustrated notes

Levels and vault maps discovered:
D:1:      dpeg_arrival_stonehenge_12_columns, layout_basic, minmay_surrounded
D:2:      layout_basic, minmay_pentomino_w2
D:3:      layout_basic, kiku_gazebo_pond_becter, lemuel_round_altar,
          uniq_sigmund
D:4:      layout_layer_cave, grunt_temple_overflow_holy_war,
          makhleb_grotto_becter
D:5:      layout_cave_pools, old_standard_altar

Skill      XL: |  1  2  3  4  5  6 |
---------------+-------------------+-----
Unarmed Combat | 3 4 5 6 |  6.6
Fighting       | 4 5 |  5.5
Dodging        | |  2.6
Stealth        | |  1.7

Action                   |  1- 3 |  4- 6 |  7- 9 || total
-------------------------+-------+-------+-------++-------
Melee: Unarmed           |   120 |   155 |    48 ||   323
       Punch             |     3 |     2 |     1 ||     6
  Use: Scroll            |       |    13 |     1 ||    14
 Stab: Sleeping          |     7 |    11 |     1 ||    19
       Distracted        |       |     1 |       ||     1
Armor: Robe              |    13 |     1 |       ||    14
       Leather armour    |       |    24 |     4 ||    28
Dodge: Dodged            |    64 |    90 |    27 ||   181

Table legend: (Time is in decaauts)
 A = Elapsed time spent in this place.
 B = Non-inter-level travel time spent in this place.
 C = Inter-level travel time spent in this place.
 D = Time resting spent in this place.
 E = Time spent auto-exploring this place.
 F = Levels seen in this place.
 G = Mean time per level.
                   A        B        C        D        E       F      G
               +--------+--------+--------+--------+--------+-----+--------+
         Total |   5510 |   5297 |    213 |    783 |   3745 |   5 | 1102.0 |
       Dungeon |   5510 |   5297 |    213 |    783 |   3745 |   5 | 1102.0 |
               +--------+--------+--------+--------+--------+-----+--------+

Top non-repeatable levels by time:
     D:4: 1854 daAuts
     D:3: 1396 daAuts
     D:2: 1122 daAuts
     D:1: 751 daAuts
     D:5: 384 daAuts
